 Dungeon Crawl Stone Soup version 0.28-a0-1292-gb4563b27b3 (webtiles) character file.

Game seed: 1325906352501592337

1827 ChaosChampion the Magician (level 8, -8/64 HPs)
             Began as a Mummy Necromancer on Dec 27, 2021.
             Engulfed by a cloud of flame (22 damage)
             ... on level 6 of the Dungeon.
             The game lasted 00:12:10 (7535 turns).

ChaosChampion the Magician (Mummy Necromancer)      Turns: 7535, Time: 00:12:11

Health: -8/64      AC: 10    Str: 11    XL:     8   Next: 86%
Magic:  19/19      EV: 11    Int: 16    God:
Gold:   782        SH:  0    Dex: 19    Spells: 15/22 levels left

rFire   x . .      SeeInvis .   (no weapon)
rCold   + + .      Faith    .   (no shield)
rNeg    + + +      Spirit   .   p - +2 ring mail {rPois}
rPois   ∞          Reflect  .   (no helmet)
rElec   .          Harm     .   (no cloak)
rCorr   .          Rampage  .   c - +2 pair of gloves
Will    +....                   (no boots)
Stlth   +.........              b - amulet of regeneration
HPRegen 1.00/turn               d - +6 ring of dexterity
MPRegen 0.16/turn               g - ring of protection from cold

@: no status effects
A: cold resistance 1, negative energy resistance 3, torment resistance 2, heat
vulnerability 1, no potions
a: no special abilities


You were on level 6 of the Dungeon.
You visited 1 branch of the dungeon, and saw 6 of its levels.
You also visited: Sewer.

You collected 782 gold pieces.

Inventory:

Missiles
 l - a throwing net
Armour
 a - a +1 robe
 c - a +2 pair of gloves (worn)
 p - a +2 ring mail of poison resistance (worn)
Jewellery
 b - an amulet of regeneration (around neck)
 d - a +6 ring of dexterity (left hand)
 g - a ring of protection from cold (right hand)
Wands
 e - a wand of digging (5)
 i - a wand of acid (3)
 j - a wand of iceblast (10)
 q - a wand of polymorph (9)
Scrolls
 f - a scroll of blinking
 h - a scroll of vulnerability
 k - a scroll of enchant armour
 m - 2 scrolls of fear
 n - 2 scrolls of enchant weapon
 o - a scroll of torment
 r - a scroll of identify


   Skills:
 - Level 6.0 Fighting
 + Level 2.1 Armour
 + Level 2.9 Dodging
 - Level 1.5 Stealth
 + Level 7.8 Spellcasting
 + Level 7.4 Necromancy


You had 15 spell levels left.
You knew the following spells:

 Your Spells              Type           Power      Damage    Failure   Level
a - Pain                  Necr           100%       1d9       1%          1
b - Vampiric Draining     Necr           30%        2d8       3%          3
e - Animate Skeleton      Necr           60%        N/A       1%          1
z - Blink                 Tloc           12%        N/A       38%         2

Your spell library contained the following spells:

 Spells                   Type           Power      Damage    Failure   Level
 Animate Dead             Necr           15%        N/A       13%         4
 Sandblast                Erth           12%        2d6       26%         1
 Agony                    Necr           30%        N/A       34%         5
 Passwall                 Tmut/Erth      5%         N/A       38%         2
 Lesser Beckoning         Tloc           6%         N/A       63%         3
 Stone Arrow              Conj/Erth      12%        3d7       63%         3
 Manifold Assault         Tloc           6%         N/A       100%        5


Dungeon Overview and Level Annotations

Branches:
Dungeon (6/15)              Sewer (visited)
 Temple: D:4-7

Altars:
Cheibriados

Shops:
D:4 *

Annotations:
D:5 Eustachio


Innate Abilities, Weirdness & Mutations

You are immune to poison.
Your flesh is cold resistant. (rC+)
You are immune to negative energy. (rN+++)
You are immune to unholy pain and torment.
You are vulnerable to heat. (rF-)
You do not drink.


Message History

No target in view!
No target in view!
No target in view!
No target in view!
No target in view!
No target in view!
No target in view!
No target in view!
No target in view!
No target in view!
No target in view!
No target in view!
No target in view!
No target in view!
No target in view!
You now have 770 gold pieces (gained 8).
You now have 782 gold pieces (gained 12).
Really walk into a travel-excluded area?
Really walk into that cloud of flame?
You are engulfed in blazing flames.
Ouch! That really hurt!
You start resting.
HP restored.
You start waiting.
Done waiting.
As you read the scroll labelled BANIC XYWKAUDD, it crumbles to dust.
The air around you briefly surges with heat, but it dissipates.
It was a scroll of immolation.
Okay, then.
You start waiting.
Done waiting.
You start waiting.
Done waiting.
Really walk into a travel-excluded area?
You are engulfed in blazing flames.
You are engulfed in blazing flames.
* * * LOW HITPOINT WARNING * * *
Really walk into that cloud of flame?
You are engulfed in blazing flames.
You die...

...........#####)........###
............## #.........##
....######...#
###........#### .... #☼○○#
#...........## .. #§☼○#
#.......###... #§☼○#
#.............#
######...#####.......###.#..
#.☼°°.....☼§§....###.....# #
#.☼☼§.....§☼@...## ####..#
#.§§§.....§§☼...#############
######...#####..............$
#§○§# #..##########.## #○§§#
#.^## #..# #.☼○# #...#
####.## #...# ###.#####....#
...#. .# #.....§.####
###.####.# #....#######


There were no monsters in sight!

Vanquished Creatures
  A water moccasin (D:4)
  Duvessa (D:4)
  A sky beast (D:5)
  An orc warrior (D:6)
  2 necrophages (D:6)
  3 ogres
  A bullfrog (D:6)
  Blork the orc (D:5)
  A scorpion (D:4)
  A gnoll sergeant (D:6)
  A water moccasin zombie (D:4)
  Dowan (D:4)
  A water moccasin skeleton (D:4)
  2 bullfrog zombies
  A hound (D:5)
  A centaur skeleton (D:5)
  2 iguanas
  An orc wizard (D:6)
  A killer bee zombie (D:6)
  10 gnolls
  10 adders
  3 river rats (Sewer)
  A shadow imp (D:6)
  An adder skeleton (D:5)
  2 worms (D:3)
  3 dart slugs
  4 orcs
  7 bats
  8 endoplasms
  8 giant cockroaches
  8 goblins
  4 hobgoblins
  6 kobolds
  7 quokkas
  9 ball pythons
  8 frilled lizards
  A quokka skeleton (D:4)
  16 rats
140 creatures vanquished.

Vanquished Creatures (others)
  A phantom (D:6)
1 creature vanquished.

Grand Total: 141 creatures vanquished

Notes
Turn   | Place    | Note
-------+----------+-------------------------------------------
     0 | D:1      | ChaosChampion the Mummy Necromancer began the quest for the
                  | Orb.
     0 | D:1      | Reached XP level 1. HP: 13/13 MP: 4/4
   227 | D:1      | Reached XP level 2. HP: 17/20 MP: 0/6
   229 | D:1      | Learned a level 1 spell: Animate Skeleton
   495 | D:1      | Reached skill level 1 in Fighting
  1141 | D:2      | Reached XP level 3. HP: 26/26 MP: 0/7
  1330 | D:2      | Found a faded altar of an unknown god.
  1611 | D:2      | Reached XP level 4. HP: 33/33 MP: 3/9
  1615 | D:2      | Learned a level 2 spell: Blink
  1619 | D:2      | Learned a level 3 spell: Vampiric Draining
  2480 | D:3      | Found a glowing drain.
  2554 | Sewer    | Entered a sewer
  2707 | Sewer    | Reached XP level 5. HP: 39/39 MP: 5/11
  2807 | Sewer    | Reached skill level 5 in Necromancy
  3962 | D:4      | Identified a scroll of acquirement
  3962 | D:4      | Acquired 530 gold pieces
  4144 | D:4      | Reached skill level 5 in Spellcasting
  4144 | D:4      | Reached XP level 6. HP: 42/47 MP: 13/13
  4157 | D:4      | Noticed Dowan
  4159 | D:4      | Noticed Duvessa
  4174 | D:4      | Killed Duvessa
  4376 | D:4      | Killed Dowan
  4646 | D:4      | Reached XP level 7. HP: 47/54 MP: 15/15
  5326 | D:4      | Found Near's Neck Hole.
  5452 | D:5      | Entered Level 5 of the Dungeon
  5475 | D:5      | Noticed Blork the orc
  5483 | D:5      | Killed Blork the orc
  5634 | D:5      | Reached skill level 5 in Fighting
  5722 | D:5      | Found a snail-covered altar of Cheibriados.
  5784 | D:5      | Reached XP level 8. HP: 62/62 MP: 10/18
  6159 | D:5      | Noticed Eustachio
  6270 | D:6      | Reached skill level 1 in Armour
  7535 | D:6      | Engulfed by a cloud of flame

Illustrated notes

Levels and vault maps discovered:
D:1:      minmay_arrival_shattered_statue, layout_basic
D:2:      cheibrodos_helix_gallery, layout_loops_ring,
          shapermc_ecumenical_altar_starsandcircs
D:3:      layout_rooms, gup_sewer_entry_pipe, minmay_fractal_squares_diagonal_5
D:4:      nicolae_BIG_FREAKIN_CUBE, layout_basic, abandoned_shop, st_stairs_3,
          nicolae_shop_sticking_my_neck_out, uniq_duvessa
D:5:      layout_rooms, chei_slow_surprise, uniq_eustachio, uniq_blork_the_orc
D:6:      layout_rooms, lemuel_flame_loot_1

Skill      XL: |  1  2  3  4  5  6  7  8 |
---------------+-------------------------+-----
Spellcasting   | 3 4 5 7 |  7.8
Fighting       | 1 2 3 4 5 6 |  6.0
Necromancy     | 5 6 7 |  7.4
Armour         | 2 |  2.1
Dodging        | 2 |  2.9
Stealth        | |  1.5

Action                   |  1- 3 |  4- 6 |  7- 9 || total
-------------------------+-------+-------+-------++-------
Melee: Unarmed           |     2 |   135 |   549 ||   686
 Cast: Pain              |    81 |   124 |    65 ||   270
       Animate Skeleton  |     1 |     1 |     1 ||     3
       Vampiric Draining |       |    11 |    32 ||    43
  Use: Scroll            |       |    11 |     2 ||    13
 Stab: Distracted        |       |       |     1 ||     1
Armor: Robe              |     8 |    36 |    12 ||    56
       Ring mail         |       |       |   308 ||   308
Dodge: Dodged            |    25 |   112 |   367 ||   504

Table legend: (Time is in decaauts)
 A = Elapsed time spent in this place.
 B = Non-inter-level travel time spent in this place.
 C = Inter-level travel time spent in this place.
 D = Time resting spent in this place.
 E = Time spent auto-exploring this place.
 F = Levels seen in this place.
 G = Mean time per level.
                   A        B        C        D        E       F      G
               +--------+--------+--------+--------+--------+-----+--------+
         Total |   7607 |   7444 |    163 |    888 |   4530 |   7 | 1086.7 |
       Dungeon |   6920 |   6757 |    163 |    888 |   4014 |   6 | 1153.3 |
         Sewer |    686 |    686 |      0 |      0 |    516 |   1 |  686.0 |
               +--------+--------+--------+--------+--------+-----+--------+

Top non-repeatable levels by time:
     D:6: 1326 daAuts
     D:4: 1313 daAuts
     D:1: 1295 daAuts
     D:2: 1125 daAuts
     D:3: 1104 daAuts
     D:5: 755 daAuts
   Sewer: 686 daAuts
